 Dungeon Sprint DCSS version 0.20-a0-920-gb18bc0f (webtiles) character file.

9100000 Krakonus1 the Axe Maniac (level 27, -18/320 (323) HPs)
             Began as a Troll Monk on Mar 25, 2017.
             Was the Champion of Makhleb.
             Killed by the air
             ... invoked by a tyrant
              (49 damage)
             ... in the Dungeon (Sprint VIII: "Arena of Blood").
             The game lasted 00:14:57 (91 turns).

Krakonus1 the Axe Maniac (Troll Monk)                 Turns: 91, Time: 00:14:57

HP:   -18/320 (323) AC:  7    Str: 27    XL:     27
MP:   36/53         EV: 32    Int:  6    God:    Makhleb [******]
Gold: 0             SH:  0    Dex: 21    Spells: 80/80 levels left

rFire    . . .     SeeInvis .   i - +∞ Axe of Woe
rCold    . . .     Gourm    +   (shield currently unavailable)
rNeg     . . .     Faith    .   a - +0 robe
rPois    .         Spirit   .   (helmet restricted)
rElec    .         Reflect  .   (no cloak)
rCorr    .         Harm     .   (gloves unavailable)
MR       ++...     NoTele   +   (boots unavailable)
Stlth    +++++++++.             (no amulet)
Regen    1.1/turn               (no ring)
MPRegen  0.4/turn               (no ring)

@: marked
A: unfitting armour, claws 3, fast metabolism 3, gourmand, regeneration 1,
shaggy fur 1, tough skin 2
a: Minor Destruction, Lesser Servant of Makhleb, Major Destruction, Greater
Servant of Makhleb, Renounce Religion


You were in the Dungeon.
You worshipped Makhleb.
Makhleb was exalted by your worship.
You were not hungry.

You visited 1 branch

Inventory:

Hand Weapons
 i - the +∞ Axe of Woe (weapon)
   (You found it in the Dungeon)
Armour
 a - a +0 robe (worn)
Scrolls
 h - a scroll of blinking
Potions
 c - a potion of curing
 d - a potion of heal wounds
 e - a potion of haste
 f - 2 potions of magic
 g - a potion of berserk rage
Comestibles
 b - 2 bread rations


   Skills:
 O Level 27 Fighting
 O Level 27 Axes
 O Level 27 Throwing
 O Level 27 Armour
 O Level 27 Dodging
 O Level 27 Stealth
 O Level 27 Unarmed Combat
 O Level 27 Spellcasting
 O Level 27 Invocations


You had 80 spell levels left.
You didn't know any spells.

Dungeon Overview and Level Annotations

Branches:
Dungeon (1/1)

Altars:
Makhleb

Annotations:
D The Servant


Innate Abilities, Weirdness & Mutations

You are too large for most types of armour.
You have claws for hands.
Your metabolism is lightning-fast.
You like to eat raw meat.
Your natural rate of healing is unusually fast.
You are covered in fur. (AC +1)
You have very tough skin. (AC +2)


Message History

* * * LOW HITPOINT WARNING * * *
The meat berserker rages. 2 orcs and a skeletal warrior come into view.
You open the bag of meat like a pillowcase!!!
You butcher the bag of meat messily.
You kill the bag of meat!
Makhleb accepts your kill.
You feel better.
You are engulfed in blazing flames.
* * * LOW HITPOINT WARNING * * *
The bag of meat is engulfed in blazing flames.
You hear a shout!
The accursed casts a spell at you. Something smites you!
* * * LOW HITPOINT WARNING * * *
The accursed points at you and mumbles some strange words.
Something smites you!
* * * LOW HITPOINT WARNING * * *
The tyrant waves its bony arms in wide circles.
The air twists around and strikes you!
You die...

..............%......#
........@.o...........
.......o.OW..........#
#......o#M...........
#.....)§#..%........#
.###.....o)###xo).......
......###)o.M)o2).....##
......._.o..o)O§)2..xD..
....#.....#M)MXO@o#.#...
. #_.<._#.)x)§§§§{....
#.....#XO)W§§#W#.#..
....._.o.MLX.WoOW....
......###X2O.O....#.#.#.
.###.. ..zo###%.........
#.....M.# D...%.... .
#....o..#....W...... ..
...... .......


You could see 6 accurseds, 2 tentacled monstrosities, 2 meat beasts, a tyrant, a
reaper, The Servant, 2 eight-headed meat hydras, a sculptor of flesh, a large
bag of meat (inner flame), 2 large abominations, 6 dreads, 6 meat berserkers, 3
small abominations and 11 bags of meat.

Vanquished Creatures
  Sigmund (D)
  7 hell beasts (D)
  3 greater mummies (D)
  4 wraiths (D)
  13 vampire knights (D)
  41 ogres (D)
  6 two-headed ogres (D)
  5 liches (D)
  75 orcs (D)
  8 skeletal warriors (D)
  9 large abominations (D)
  5 small abominations (D)
  18 crawling corpses (D)
195 creatures vanquished.

Vanquished Creatures (others)
  2 two-headed ogres (D)
  An orc (D)
  A crawling corpse (D)
4 creatures vanquished.

Grand Total: 199 creatures vanquished

Notes
Turn   | Place    | Note
-------+----------+-------------------------------------------
     0 | D        | Krakonus1 the Troll Monk began the quest for the Orb.
     0 | D        | Reached XP level 1. HP: 22/22 MP: 0/0
     3 | D        | Noticed a bag of meat
     4 | D        | Became a worshipper of Makhleb the Destroyer
     4 | D        | Reached * piety under Makhleb
     4 | D        | Reached ** piety under Makhleb
     8 | D        | Killed a bag of meat
     8 | D        | Reached skill level 15 in Unarmed Combat
     8 | D        | Reached XP level 2. HP: 54/54 MP: 1/1
     8 | D        | Reached XP level 3. HP: 62/62 MP: 2/2
     8 | D        | Reached XP level 4. HP: 71/71 MP: 3/3
     8 | D        | Reached XP level 5. HP: 79/79 MP: 4/4
     8 | D        | Reached XP level 6. HP: 88/88 MP: 5/5
     8 | D        | Reached XP level 7. HP: 96/96 MP: 6/6
     8 | D        | Reached XP level 8. HP: 105/105 MP: 7/7
     8 | D        | Reached XP level 9. HP: 113/113 MP: 8/8
     8 | D        | Reached XP level 10. HP: 122/122 MP: 9/9
     8 | D        | Reached XP level 11. HP: 130/130 MP: 10/10
     9 | D        | Noticed a meat berserker
     9 | D        | Noticed a meat berserker
    10 | D        | Noticed a meat berserker
    11 | D        | Noticed a meat berserker
    11 | D        | Noticed a meat berserker
    11 | D        | Noticed a meat berserker
    11 | D        | Killed a meat berserker
    11 | D        | Reached XP level 12. HP: 65/139 MP: 11/11
    11 | D        | Reached XP level 13. HP: 68/146 MP: 12/12
    11 | D        | Killed a meat berserker
    11 | D        | Reached XP level 14. HP: 142/156 MP: 13/13
    12 | D        | Noticed a bag of meat
    12 | D        | Noticed a bag of meat
    13 | D        | Noticed a destroyer
    13 | D        | Noticed a bag of meat
    13 | D        | Noticed a bag of meat
    13 | D        | Killed a meat berserker
    13 | D        | Reached *** piety under Makhleb
    13 | D        | Reached skill level 27 in Axes
    13 | D        | Reached skill level 15 in Fighting
    13 | D        | Reached skill level 5 in Stealth
    13 | D        | Reached XP level 15. HP: 167/167 MP: 14/14
    13 | D        | Killed a meat berserker
    13 | D        | Reached XP level 16. HP: 185/185 MP: 15/15
    13 | D        | Killed a meat berserker
    14 | D        | Noticed a meat berserker
    14 | D        | Noticed a meat berserker
    15 | D        | Noticed a meat berserker
    15 | D        | Noticed a meat berserker
    15 | D        | Killed a meat berserker
    15 | D        | Reached **** piety under Makhleb
    15 | D        | Reached XP level 17. HP: 210/210 MP: 16/16
    16 | D        | Noticed a meat berserker
    17 | D        | Reached skill level 27 in Fighting
    17 | D        | Reached XP level 18. HP: 236/236 MP: 17/17
    18 | D        | Noticed a meat berserker
    18 | D        | Noticed a meat berserker
    18 | D        | Killed a meat berserker
    18 | D        | Reached ***** piety under Makhleb
    18 | D        | Reached skill level 27 in Dodging
    19 | D        | Noticed a meat berserker
    19 | D        | Killed a meat berserker
    19 | D        | Reached XP level 19. HP: 245/245 MP: 18/18
    19 | D        | Killed a destroyer
    19 | D        | Killed a meat berserker
    19 | D        | Reached XP level 20. HP: 256/256 MP: 19/19
    19 | D        | Killed a meat berserker
    19 | D        | Reached skill level 27 in Stealth
    20 | D        | Killed a meat berserker
    20 | D        | Reached ****** piety under Makhleb
    21 | D        | Noticed a meat berserker
    21 | D        | Noticed a large bag of meat
    21 | D        | Reached XP level 21. HP: 265/265 MP: 20/20
    23 | D        | Reached skill level 27 in Armour
    25 | D        | Noticed a large bag of meat
    25 | D        | Reached skill level 27 in Unarmed Combat
    25 | D        | Reached XP level 22. HP: 275/275 MP: 21/21
    26 | D        | Noticed a destroyer
    26 | D        | Reached skill level 15 in Throwing
    26 | D        | Reached skill level 15 in Invocations
    27 | D        | Reached XP level 23. HP: 284/284 MP: 21/40
    27 | D        | Reached skill level 15 in Spellcasting
    28 | D        | Noticed a large bag of meat
    28 | D        | Noticed a destroyer
    28 | D        | Noticed a destroyer
    31 | D        | Reached XP level 24. HP: 295/295 MP: 22/46
    31 | D        | Killed a large bag of meat
    31 | D        | Reached skill level 27 in Throwing
    31 | D        | Reached skill level 27 in Invocations
    33 | D        | Killed a destroyer
    34 | D        | Killed a destroyer
    34 | D        | Reached skill level 27 in Spellcasting
    34 | D        | Reached XP level 25. HP: 304/304 MP: 22/53
    34 | D        | Killed a destroyer
    34 | D        | Killed a large bag of meat
    34 | D        | Reached XP level 26. HP: 314/314 MP: 22/53
    38 | D        | Reached XP level 27. HP: 323/323 MP: 23/53
    39 | D        | Noticed a destroyer
    39 | D        | Killed a large bag of meat
    40 | D        | Noticed a destroyer
    40 | D        | Noticed a destroyer
    42 | D        | Noticed a large bag of meat
    42 | D        | Noticed a large bag of meat
    42 | D        | Noticed a destroyer
    44 | D        | Noticed a destroyer
    45 | D        | Killed a large bag of meat
    46 | D        | Killed a destroyer
    47 | D        | Killed a destroyer
    47 | D        | Killed a destroyer
    50 | D        | Noticed a destroyer
    51 | D        | Killed a destroyer
    52 | D        | Noticed a tyrant
    53 | D        | Noticed a tyrant
    53 | D        | Killed a large bag of meat
    55 | D        | Killed a destroyer
    57 | D        | Noticed a destroyer
    58 | D        | Noticed a tyrant
    58 | D        | Noticed The Captor
    59 | D        | Noticed a destroyer
    61 | D        | Killed a destroyer
    61 | D        | Killed a tyrant
    62 | D        | Killed a destroyer
    63 | D        | Noticed an accursed
    64 | D        | Killed a tyrant
    65 | D        | Killed The Captor
    65 | D        | Killed a destroyer
    67 | D        | Noticed a destroyer
    67 | D        | Noticed an accursed
    68 | D        | Noticed a meat beast
    69 | D        | Noticed a tyrant
    69 | D        | Noticed a dread
    69 | D        | Noticed an accursed
    69 | D        | Noticed a large bag of meat
    70 | D        | Noticed a tyrant
    70 | D        | Noticed a tyrant
    71 | D        | Noticed a dread
    71 | D        | Noticed a meat beast
    71 | D        | Noticed a large bag of meat
    71 | D        | Killed a meat beast
    72 | D        | Noticed a dread
    72 | D        | Noticed an accursed
    72 | D        | Noticed a large bag of meat
    73 | D        | Noticed a meat beast
    73 | D        | Noticed a dread
    73 | D        | Killed a dread
    73 | D        | Killed a tyrant
    74 | D        | Killed an accursed
    75 | D        | Noticed an accursed
    76 | D        | Noticed a dread
    78 | D        | Killed a tyrant
    79 | D        | Noticed a large bag of meat
    79 | D        | Noticed a dread
    79 | D        | Killed a meat beast
    80 | D        | Noticed a dread
    80 | D        | Noticed an accursed
    81 | D        | Noticed a meat beast
    82 | D        | Noticed a dread
    82 | D        | Noticed a meat beast
    82 | D        | Killed a tyrant
    83 | D        | Noticed a meat beast
    83 | D        | Noticed an accursed
    83 | D        | Killed a dread
    83 | D        | Killed a dread
    84 | D        | Noticed a meat beast
    84 | D        | Killed an accursed
    84 | D        | Killed a destroyer
    86 | D        | Noticed a meat beast
    86 | D        | Noticed a dread
    86 | D        | Noticed an accursed
    86 | D        | Killed a large bag of meat
    86 | D        | Killed a large bag of meat
    86 | D        | Killed a meat beast
    86 | D        | Killed a meat beast
    87 | D        | Noticed The Servant
    87 | D        | Killed a meat beast
    88 | D        | Noticed an accursed
    88 | D        | Noticed a meat beast
    89 | D        | Killed a meat beast
    89 | D        | Killed a meat beast
    89 | D        | Killed a dread
    90 | D        | Noticed a dread
    90 | D        | Killed an accursed
    90 | D        | Killed a large bag of meat
    91 | D        | Killed from afar by a tyrant

Vault maps used:
D:        meatsprint

Skill      XL: |  1  2  3  4  5  6  7  8  9 10 11 12 13 14 15 16 17 18 19 20 21 22 23 24 |
---------------+-------------------------------------------------------------------------+-----
Fighting       | 14 15 18 22 27 | 27.0
Axes           | 3 19 24 27 | 27.0
Dodging        | 14 17 22 23 27 | 27.0
Stealth        | 4 5 7 11 18 25 27 | 27.0
Unarmed Combat | 15 27 | 27.0
Armour         | 22 27 | 27.0
Throwing       | 19 26 27 | 27.0
Spellcasting   | 14 20 27 | 27.0
Invocations    | 19 26 27 | 27.0

Action                   |  1- 3 |  4- 6 |  7- 9 | 10-12 | 13-15 | 16-18 | 19-21 | 22-24 | 25-27 || total
-------------------------+-------+-------+-------+-------+-------+-------+-------+-------+-------++-------
Melee: Executioner's axe |     1 |       |       |     1 |     1 |     4 |     5 |     7 |    53 ||    72
Dodge: Dodged            |       |       |       |       |       |       |       |       |     5 ||     5
